 Dungeon Crawl Stone Soup version 0.18.1-6-gd335043 (webtiles) character file.

99 Gargoyl the Skirmisher (level 4, -1/37 HPs)
             Began as a Demonspawn Abyssal Knight on May 17, 2016.
             Was a Believer of Lugonu.
             Slain by a goblin
             ... wielding a +0 long sword
             ... led by Robin
              (2 damage)
             ... on level 3 of the Dungeon.
             The game lasted 00:04:38 (2740 turns).

Gargoyl the Skirmisher (Demonspawn Abyssal Knight)  Turns: 2740, Time: 00:04:39

Health: -1/37      AC:  9    Str: 14    XL:     4   Next: 45%
Magic:  6/6        EV:  6    Int: 13    God:    Lugonu [**....]
Gold:   199        SH:  0    Dex: 12    Spells: 0 memorised, 3 levels left

rFire  + . .     SeeInvis .     u - +0 war axe
rCold  + . .     Gourm    .     s - +0 chain mail
rNeg   . . .     Faith    .     (no shield)
rPois  +         Spirit   .     (no helmet)
rElec  +         Dismiss  .     (no cloak)
rCorr  +         Reflect  .     (no gloves)
SustAt .         Harm     .     (no boots)
MR     .....                    (no amulet)
Stlth  ..........               (no ring)
                                (no ring)

@: resistant, not resistant to hostile enchantments, extremely unstealthy
A: claws 2
a: Depart the Abyss, Bend Space, Renounce Religion


You were on level 3 of the Dungeon.
You worshipped Lugonu.
Lugonu was pleased with you.
You were not hungry.

You visited 1 branch of the dungeon, and saw 3 of its levels.
You visited the Abyss 1 time.

You collected 199 gold pieces.

Inventory:

Hand Weapons
 f - a +0 halberd
 u - a +0 war axe (weapon)
Missiles
 q - 6 tomahawks
 t - 3 javelins (quivered)
Armour
 s - a +0 chain mail (worn)
Scrolls
 b - 3 scrolls of magic mapping {unknown}
 d - a scroll of teleportation {unknown}
 e - 5 scrolls of identify {unknown}
 i - 4 scrolls of recharging {unknown}
 k - a scroll of enchant weapon {unknown}
 l - 2 scrolls of blinking {unknown}
 p - a scroll of remove curse {unknown}
Potions
 g - a potion of magic
 h - 2 potions of agility
 j - a potion of brilliance
 r - a potion of flight {unknown}
Comestibles
 a - 7 chunks of flesh
 c - 3 bread rations


   Skills:
 + Level 3.9 Fighting
 + Level 2.2 Axes
 * Level 2.9 Armour
 + Level 1.1 Dodging
 + Level 0.6 Stealth
 + Level 2.8 Invocations


You had 3 spell levels left.
You didn't know any spells.

Dungeon Overview and Level Annotations

Branches:
Dungeon (3/15)

Altars:
Gozag
Zin

Annotations:
D:3 Robin


Innate Abilities, Weirdness & Mutations

You have very sharp fingernails.


Message History

The goblin is moderately wounded.
You hit the goblin.
The goblin is heavily wounded.
You closely miss the goblin.
You feel a little less agile now.
The hobgoblin hits you but does no damage.
Robin hits you with a dagger.
* * * LOW HITPOINT WARNING * * *
The goblin hits you.
* * * LOW HITPOINT WARNING * * *
The goblin hits you with a long sword.
* * * LOW HITPOINT WARNING * * *
The goblin hits you but does no damage. The hobgoblin barely misses you.
Robin throws the goblin at you! The goblin barely misses you.
Drink which item? (? for menu, Esc to quit)
It was a potion of resistance.
You feel protected.
The goblin no longer looks unusually strong.
The goblin hits you with a long sword.
You die...

##.## #...# .....
####...####
#.........###
#............
#...gg....# #g@g#
#g.)# ## #††.# ..#
##.## #.# #.# #.# #.#
#.#
#.###.#####.#######
###.#...............#
#........###...####.#


You could see Robin, a hobgoblin and 3 goblins.

Vanquished Creatures
  4 adders
  An ooze (D:2)
  A worm (D:3)
  3 dart slugs
  4 orcs (D:3)
  4 giant cockroaches
  7 goblins
  7 hobgoblins
  A jackal (D:1)
  A ball python (D:1)
  4 bats
  A kobold (D:1)
  6 rats
44 creatures vanquished.

Vanquished Creatures (others)
  2 starspawn tentacles (Abyss:2)
2 creatures vanquished.

Grand Total: 46 creatures vanquished

Notes
Turn   | Place    | Note
--------------------------------------------------------------
     0 | Abyss:1  | Gargoyl the Demonspawn Abyssal Knight began the quest for the Orb.
     0 | Abyss:1  | Reached XP level 1. HP: 18/18 MP: 2/2
    89 | Abyss:2  | Found a sparkling altar of Nemelex Xobeh.
   124 | Abyss:2  | Noticed a raiju
   124 | Abyss:2  | Noticed a raiju
   126 | Abyss:2  | Noticed a raiju
   126 | Abyss:2  | Noticed an ancient zyme
   168 | Abyss:2  | Noticed a tentacled starspawn
   202 | Abyss:2  | Noticed a raiju
   203 | Abyss:2  | Noticed a raiju
   205 | D:1      | Escaped the Abyss
   207 | D:1      | Noticed an electric eel
   429 | D:1      | Reached * piety under Lugonu
   502 | D:1      | Gained mutation: You have sharp fingernails. [demonic ancestry]
   502 | D:1      | Reached XP level 2. HP: 13/24 MP: 3/3
  1138 | D:2      | Gained mutation: You have very sharp fingernails. [demonic ancestry]
  1138 | D:2      | Reached XP level 3. HP: 17/29 MP: 5/5
  1482 | D:2      | Found an opulent altar of Gozag.
  1543 | D:2      | Reached skill level 1 in Dodging
  1798 | D:2      | Found a glowing silver altar of Zin.
  2375 | D:3      | Found a faded altar to an unknown god.
  2403 | D:3      | Reached XP level 4. HP: 21/37 MP: 6/6
  2607 | D:3      | Reached ** piety under Lugonu
  2730 | D:3      | Noticed Robin
  2739 | D:3      | HP: 1/37 [goblin/long sword[Robin] (5)]
  2740 | D:3      | Slain by a goblin

Skill      XL: |  1  2  3 |
---------------+----------+-----
Armour         | 2 |  2.9
Axes           | 2 |  2.2
Dodging        | 1 |  1.1
Fighting       | |  3.9
Stealth        | |  0.6
Invocations    | |  2.8

Action                   |  1- 3 |  4- 6 || total
-------------------------+-------+-------++-------
Melee: Hand axe          |   110 |       ||   110
       War axe           |    10 |    29 ||    39
Invok: Depart the Abyss  |     1 |       ||     1
  Use: Potion            |       |     5 ||     5
  Eat: Chunk             |     5 |     1 ||     6
Armor: Leather armour    |    14 |       ||    14
       Scale mail        |    18 |       ||    18
       Chain mail        |    38 |    24 ||    62
       Skin              |       |     5 ||     5
Dodge: Dodged            |    68 |    35 ||   103
